 Dungeon Sprint DCSS version bcrawl-1.19.2-6-g6a88ae04c9 (webtiles) character file.

Game seed: 17404438082968225711

183 pasperui the Combatant (level 5, -4/40 HPs)
             Began as an Oni Arcane Marksman on Jan 5, 2020.
             Was a Follower of Okawaru.
             Slain by a bullfrog (14 damage)
             ... in the Dungeon (Sprint VII: "The Pits") on Jan 6, 2020.
             The game lasted 00:05:29 (410 turns).

pasperui the Combatant (Oni Arcane Marksman)         Turns: 410, Time: 00:05:30

Health: -4/40      AC:  9    Str: 14    XL:     5   Next: 62%
Magic:  14/14      EV: 13    Int: 15    God:    Okawaru [*.....]
Gold:   0          SH:  0    Dex: 11    Spells: 11/12 levels left

rFire    . . .     SeeInvis .   m - +2 halberd (protect)
rCold    . . .     Gourm    .   (shield currently unavailable)
rNeg     . . .     Faith    .   b - +0 animal skin
rPois    .         Spirit   .   (helmet restricted)
rElec    .         Reflect  .   (no cloak)
rCorr    .         Harm     .   (no gloves)
MR       .....     NoTele   +   (no boots)
Stlth    +.........             (no amulet)
HPRegen  0.13/turn              (no ring)
MPRegen  0.14/turn              (no ring)

@: protection aura
A: oni magic, claws 1, fangs 1, horns 1
a: Heroism, Renounce Religion


You were in the Dungeon.
You worshipped Okawaru.
Okawaru was aware of your devotion.
You were not hungry.

You visited 1 branch

Inventory:

Hand Weapons
 a - a +0 dagger
 m - a +2 halberd of protection (weapon)
 v - a +0 dagger of venom
 w - a +0 flail of protection
 x - a +2 hand axe of chopping
 y - a +2 long sword of holy wrath
 z - a +0 trident of piercing
 A - a +2 quarterstaff of protection
Missiles
 d - 146 javelins (quivered)
 e - 2 throwing nets {!f}
 s - 10 stones
Armour
 b - a +0 animal skin (worn)
 u - a +3 chain mail
Magical Staves
 t - an uncursed staff of energy
Scrolls
 l - a scroll of blinking
 o - 2 scrolls of vulnerability
 p - 3 scrolls of remove curse
 q - 5 scrolls of amnesia
 r - a scroll of summoning
Potions
 g - 6 potions of curing
 h - 6 potions of heal wounds
 i - a potion of haste
 j - 4 potions of magic
 k - 3 potions of berserk rage
 n - 2 potions of invisibility
Comestibles
 c - 2 chunks of flesh
 f - 9 rations {!d}


   Skills:
 - Level 1.0 Fighting
 - Level 2.1 Throwing
 - Level 4.2 Dodging
 * Level 4.4 Spellcasting
   Level 4.4 Conjurations
   Level 4.4 Hexes
   Level 4.4 Charms
   Level 4.4 Summonings
   Level 4.4 Necromancy
   Level 4.4 Translocations
   Level 4.4 Transmutations
   Level 4.4 Fire Magic
   Level 4.4 Ice Magic
   Level 4.4 Air Magic
   Level 4.4 Earth Magic
   Level 4.4 Poison Magic
 - Level 9.5 Invocations


You had 11 spell levels left.
You knew the following spells:

 Your Spells              Type           Power        Failure   Level  Hunger
a - Corona                Hex            ###....      2%          1    None

Your spell library contained the following spells:

 Spells                   Type           Power        Failure   Level  Hunger
 Shock                    Conj/Air       ###..        2%          1    None
 Shackle                  Hex            ###.....     3%          2    ##.....
 Poisonous Vapours        Pois/Air       ###...       4%          2    ##.....
 False Image              Hex/Summ       ###.....     9%          3    ###....
 Inner Flame              Hex/Fire       N/A          9%          3    ###....
 Cause Fear               Hex            ###.......   22%         4    ####...
 Yara's Violent Unravell  Hex/Tmut       ###.......   28%         4    ####...


Dungeon Overview and Level Annotations

Branches:
Dungeon (1/1)

Altars:
Ashenzari
Cheibriados
Dithmenos
Elyvilon
Fedhas
Gozag
Hepliaklqana
Kikubaaqudgha
Lugonu
Makhleb
Nemelex Xobeh
Okawaru
Qazlal
Ru
Sif Muna
Trog
Uskayaw
Vehumet
Wu Jian
Xom
Yredelemnul
Zin
The Shining One
Beogh
Jiyva


Innate Abilities, Weirdness & Mutations

You learn spells by gaining experience, not through books or religion.
You only train spellcasting to practice magic.
You have sharp fingernails.
You have very sharp teeth.
You have a pair of small horns on your head.


Message History

Okawaru accepts your kill. The bullfrog hits you.
Attack whom?
Press: ? - help, Dir - move target cursor, f/p - bullfrog
Aim: a bullfrog (heavily wounded)
You hit the bullfrog. Your headbutt misses the bullfrog.
The bullfrog is heavily wounded.
The bullfrog hits you but does no damage.
The bullfrog closely misses you.
The bullfrog releases a deep croak.
The bullfrog hits you but does no damage.
You slash the bullfrog! You headbutt the bullfrog.
The bullfrog is almost dead.
The bullfrog closely misses you. The bullfrog hits you!
You barely miss the bullfrog.
The bullfrog is almost dead.
The bullfrog hits you.
* * * LOW HITPOINT WARNING * * *
The bullfrog hits you!
You die...

#'#####รท#####.....
#.#..#..#.[##.....
#.#..'..#..#####'#
#.#..####..##.....
#.#..#..#..##.....
#.#..#..#..##.....
#.##'#..#'###...<.
#.#..).....##.....
#@#........##.....
#F###########.....
#5s.F...# ######
#..#.#..# #.##.# #
#.. .s #.# .## #..
.# #.. ..


You could see a bullfrog, a scorpion and an ufetubus.

Vanquished Creatures
  A floating eye (D)
  A hound (D)
  An iguana (D)
  A gnoll (D)
  An ufetubus (D)
  An orc (D)
  2 ball pythons (D)
  A hobgoblin (D)
  2 jackals (D)
  A quokka (D)
  2 giant cockroach zombies (D)
14 creatures vanquished.

Notes
Turn   | Place    | Note
-------+----------+-------------------------------------------
     0 | D        | pasperui the Oni Arcane Marksman began the quest for the
                  | Orb.
     0 | D        | Reached XP level 1. HP: 16/16 MP: 4/4
    18 | D        | Reached XP level 2. HP: 23/23 MP: 4/6
    89 | D        | Found a bloodstained altar of Trog.
    89 | D        | Found a shimmering blue altar of Sif Muna.
    89 | D        | Found a viscous altar of Jiyva.
    89 | D        | Found a hazy altar of Hepliaklqana.
    89 | D        | Found an opulent altar of Gozag.
    90 | D        | Found a glowing golden altar of the Shining One.
    90 | D        | Found a glowing silver altar of Zin.
    90 | D        | Found a basalt altar of Yredelemnul.
    90 | D        | Found a shimmering altar of Xom.
    90 | D        | Found an ornate altar of the Wu Jian Council.
    90 | D        | Found a sacrificial altar of Ru.
    90 | D        | Found a stormy altar of Qazlal.
    90 | D        | Found an iron altar of Okawaru.
    90 | D        | Found a sparkling altar of Nemelex Xobeh.
    90 | D        | Found a burning altar of Makhleb.
    90 | D        | Found a blossoming altar of Fedhas.
    90 | D        | Found a white marble altar of Elyvilon.
    90 | D        | Found a shadowy altar of Dithmenos.
    90 | D        | Found a snail-covered altar of Cheibriados.
    92 | D        | Found a radiant altar of Vehumet.
    92 | D        | Found a corrupted altar of Lugonu.
    92 | D        | Found a roughly hewn altar of Beogh.
    93 | D        | Found a hide-covered altar of Uskayaw.
    93 | D        | Found an ancient bone altar of Kikubaaqudgha.
    93 | D        | Found a shattered altar of Ashenzari.
   103 | D        | Became a worshipper of Warmaster Okawaru
   113 | D        | Noticed a floating eye
   121 | D        | Killed a floating eye
   121 | D        | Reached * piety under Okawaru
   121 | D        | Reached skill level 9 in Invocations
   121 | D        | Reached XP level 3. HP: 28/28 MP: 7/11
   121 | D        | Reached XP level 4. HP: 35/35 MP: 7/12
   135 | D        | Reached XP level 5. HP: 40/40 MP: 9/14
   390 | D        | Noticed a bullfrog
   410 | D        | Slain by a bullfrog

Skill      XL: |  1  2  3  4  5 |
---------------+----------------+-----
Dodging        | 4 |  4.2
Throwing       | 2 |  2.1
Invocations    | 9 |  9.5
Spellcasting   | 2 4 |  4.4
Fighting       | |  1.0
Conjurations   | |  4.4
Hexes          | |  4.4
Charms         | |  4.4
Summonings     | |  4.4
Necromancy     | |  4.4
Translocations | |  4.4
Transmutations | |  4.4
Fire Magic     | |  4.4
Ice Magic      | |  4.4
Air Magic      | |  4.4
Earth Magic    | |  4.4
Poison Magic   | |  4.4

Action                   |  1- 3 |  4- 6 || total
-------------------------+-------+-------++-------
Melee: Halberd           |     4 |    41 ||    45
       Bite              |     1 |     2 ||     3
       Headbutt          |       |     4 ||     4
Throw: Javelin           |     4 |       ||     4
 Cast: Corona            |     1 |     2 ||     3
Armor: Animal skin       |       |    20 ||    20
Dodge: Dodged            |     4 |    29 ||    33
